Map: 匹昂台地

Players

平步青云 - Winner!

  • Race: Terran Terran

电脑难度 (极难)

  • Race: Protoss Protoss

VOD

Have the link to the VOD?

Description

Time

  • Played on: Dec. 31, 2015, 10:39 p.m.
  • Length: 17:58
Show
View Real Time Build Order
Export as new Build Order

平步青云 Terran - Winner!

Build Orders:  

Get SALT Encoding   

  12  0:01  SCV  
  13  0:13  SCV  
  14  0:18  Supply Depot  
  14  0:25  SCV  
  15  0:40  SCV  
  16  0:46  Barracks  
  16  0:52  SCV  
  16  0:54  Refinery  
  17  1:04  SCV  
  18  1:16  Supply Depot, SCV  
  19  1:28  SCV  
  20  1:34  Marine  
  21  1:40  SCV  
  22  1:52  Marine  
  22  1:53  SCV  
  24  1:59  Factory  
  24  2:05  SCV, Refinery  
  25  2:09  Marine  
  26  2:17  SCV  
  27  2:27  Marine  
  27  2:29  SCV  
  29  2:40  Command Center  
  29  2:41  SCV  
  30  2:44  Factory Tech Lab  
  30  2:47  Barracks Tech Lab  
  30  2:59  Orbital Command  
  30  3:17  Supply Depot  
  30  3:20  Concussive Shells  
  30  3:27  Barracks  
  30  3:34  Starport  
  30  3:39  Siege Tank  
  30  3:40  Supply Depot  
  33  3:54  Marauder  
  35  3:59  SCV  
  35  4:00  SCV  
  37  4:07  Combat Shields  
  37  4:11  SCV, Siege Tank  
  41  4:21  Starport Reactor  
  41  4:33  Engineering Bay  
  41  4:34  SCV  
  41  4:35  SCV  
  44  4:40  Barracks Reactor  
  46  4:45  Siege Tank  
  46  4:47  SCV x2  
  48  4:58  Bunker  
  48  5:08  Marine  
  48  5:11  SCV  
  48  5:13  SCV  
  54  5:21  Siege Tank  
  54  5:24  SCV  
  54  5:25  SCV  
  54  5:26  Marine  
  54  5:27  Marine x2  
  59  5:29  Supply Depot  
  59  5:30  Medivac  
  61  5:44  Marine  
  61  5:47  Refinery  
  62  5:50  Refinery, Marine  
  62  5:51  SCV  
  62  5:54  Supply Depot  
  64  5:58  Supply Depot  
  64  6:03  SCV, Medivac  
  67  6:19  SCV x2  
  67  6:20  Supply Depot  
  67  6:25  Marine x2  
  71  6:26  Marauder  
  71  6:31  SCV  
  71  6:32  SCV  
  75  6:33  Siege Tank  
  78  6:43  Supply Depot, SCV, Marine x2  
  78  6:44  SCV  
  82  6:51  Command Center  
  82  6:55  Medivac  
  82  6:58  Marauder  
  82  7:01  SCV  
  87  7:07  Supply Depot  
  87  7:18  Marine x2  
  87  7:20  Marauder  
  63  7:22  Medivac  
  91  7:26  Siege Tank  
  96  7:36  Marine x2  
  98  7:51  Marine  
  98  7:53  Marine  
  98  7:54  Marine  
  98  7:55  Medivac x2  
  98  7:58  Siege Tank  
  108  8:09  Marauder  
  110  8:16  Liberator x2  
  110  8:28  Marine x2  
  110  8:30  Siege Tank  
  110  8:31  Marauder  
  123  8:46  Marine x2  
  125  9:11  Supply Depot  
  125  9:33  SCV x2, Siege Tank  
  125  9:35  Supply Depot  
  130  9:58  Supply Depot  
  123  10:21  Supply Depot  
  100  11:19  Marine x2  
  100  11:20  Marauder  
  100  11:23  Siege Tank  
  100  11:24  Medivac x2  
  110  11:29  Command Center  
  110  11:37  Marine x2  
  112  11:41  Marauder  
  114  11:55  Siege Tank  
  107  12:12  Marine x2  
  107  12:13  Marauder  
  107  12:15  Medivac x2  
  112  12:27  Siege Tank  
  102  12:58  Marine x2  
  102  12:59  Marauder  
  102  13:01  Siege Tank  
  102  13:02  Medivac x2  
  113  13:16  Marine x2  
  115  13:21  Marauder  
  116  13:33  Siege Tank  
  111  14:10  Marine x2  
  111  14:11  Marauder  
  113  14:28  Marine x2  
  115  14:32  Marauder  
  106  16:27  Marine x2  
  106  16:28  Marauder  
  110  16:42  Siege Tank  
  110  16:45  Marine x2  
  115  16:49  Marauder  
  116  17:14  Siege Tank  
Show
View Real Time Build Order
Export as new Build Order

电脑难度 (极难) Protoss 

Build Orders: Zealot Archon 

Get SALT Encoding   

  12  0:01  Probe (Chrono Boost)  
  13  0:11  Probe (Chrono Boost)  
  14  0:21  Pylon  
  14  0:22  Probe (Chrono Boost)  
  15  0:39  Probe (Chrono Boost)  
  16  0:47  Assimilator  
  17  0:50  Gateway, Probe (Chrono Boost)  
  17  1:00  Probe (Chrono Boost)  
  17  1:01  Pylon  
  18  1:11  Probe (Chrono Boost)  
  19  1:21  Probe (Chrono Boost)  
  20  1:32  Probe (Chrono Boost)  
  21  1:37  Zealot  
  23  1:40  Cybernetics Core  
  23  1:43  Probe (Chrono Boost)  
  25  1:55  Probe (Chrono Boost)  
  25  2:00  Nexus  
  25  2:12  Gateway  
  25  2:21  Pylon, Warp Gate  
  25  2:22  Zealot  
  27  2:26  Probe (Chrono Boost)  
  29  2:38  Probe (Chrono Boost), Assimilator  
  29  2:47  Adept  
  29  2:49  Probe (Chrono Boost)  
  32  2:58  Adept  
  32  3:01  Probe (Chrono Boost)  
  32  3:03  Pylon  
  36  3:12  Adept  
  36  3:13  Probe (Chrono Boost)  
  38  3:25  Sentry  
  38  3:26  Probe (Chrono Boost)  
  42  3:28  Probe (Chrono Boost)  
  42  3:37  Stalker, Probe (Chrono Boost)  
  42  3:40  Probe (Chrono Boost)  
  46  3:43  Robotics Facility  
  47  3:49  Probe (Chrono Boost)  
  47  3:51  Probe (Chrono Boost), Adept  
  50  4:00  Probe (Chrono Boost)  
  52  4:02  Probe (Chrono Boost)  
  52  4:05  Adept  
  54  4:11  Probe (Chrono Boost), Pylon  
  54  4:14  Probe (Chrono Boost)  
  56  4:22  Probe (Chrono Boost)  
  57  4:26  Probe (Chrono Boost)  
  57  4:29  Stalker  
  57  4:31  Immortal  
  60  4:32  Pylon  
  60  4:34  Probe (Chrono Boost)  
  60  4:37  Probe (Chrono Boost)  
  66  4:40  Stalker  
  69  4:45  Probe (Chrono Boost)  
  69  4:48  Probe (Chrono Boost)  
  69  4:51  Robotics Facility  
  70  4:52  Stalker  
  72  5:04  Probe (Chrono Boost)  
  72  5:05  Probe (Chrono Boost)  
  72  5:06  Immortal  
  74  5:10  Pylon  
  74  5:13  Pylon  
  78  5:24  Assimilator  
  78  5:27  Twilight Council  
  80  5:29  Probe x2 (Chrono Boost), Assimilator  
  80  5:38  Gateway  
  80  5:46  Probe x2 (Chrono Boost)  
  82  5:50  Pylon  
  82  5:56  Zealot  
  85  5:57  Probe (Chrono Boost)  
  85  5:58  Probe (Chrono Boost)  
  86  6:07  Templar Archives  
  86  6:08  Probe (Chrono Boost)  
  87  6:12  Pylon  
  87  6:27  Stalker  
  87  6:29  Gateway  
  87  6:32  Stalker  
  91  6:33  Pylon  
  91  6:37  Stalker  
  93  6:48  High Templar  
  93  6:52  Forge  
  93  6:53  Sentry  
  97  6:57  Forge, Zealot  
  99  7:06  Nexus  
  99  7:09  Observer  
  99  7:14  Stalker  
  102  7:16  High Templar  
  102  7:17  High Templar  
  102  7:20  Gateway  
  106  7:23  Pylon  
  106  7:25  Archon  
  106  7:28  Photon Cannon, High Templar  
  108  7:30  Photon Cannon  
  108  7:32  Pylon  
  108  7:34  Archon  
  108  7:39  Warp Prism  
  108  7:41  High Templar  
  112  7:53  Photon Cannon  
  112  7:55  Photon Cannon  
  112  7:56  High Templar  
  114  8:02  Warp Prism  
  114  8:04  Archon  
  116  8:10  High Templar  
  116  8:12  Gateway  
  118  8:15  Pylon  
  118  8:19  Probe (Chrono Boost)  
  121  8:20  Probe x2 (Chrono Boost)  
  121  8:26  High Templar  
  123  8:27  Assimilator  
  123  8:30  Probe (Chrono Boost)  
  123  8:31  Pylon  
  123  8:33  Assimilator  
  124  8:34  Archon  
  124  8:38  Photon Cannon  
  124  8:40  High Templar  
  126  8:50  Probe x2 (Chrono Boost)  
  126  8:51  Probe (Chrono Boost)  
  126  8:52  Photon Cannon  
  126  8:53  Nexus  
  126  8:54  High Templar  
  131  8:56  Pylon  
  131  9:01  Probe (Chrono Boost)  
  131  9:02  Probe (Chrono Boost), Archon  
  133  9:04  High Templar  
  135  9:13  High Templar  
  137  9:18  Photon Cannon  
  137  9:21  Archon, Photon Cannon  
  137  9:23  Photon Cannon, High Templar  
  139  9:33  High Templar  
  139  9:36  Photon Cannon  
  141  9:42  High Templar  
  143  9:47  Zealot  
  143  9:49  Zealot  
  143  9:51  High Templar, Archon  
  149  9:54  Zealot  
  149  9:58  Archon  
  151  10:02  High Templar  
  151  10:06  Probe (Chrono Boost), Pylon  
  157  10:07  Probe x2 (Chrono Boost), Zealot  
  157  10:08  Probe (Chrono Boost)  
  157  10:10  High Templar  
  157  10:12  Assimilator  
  157  10:13  Pylon  
  161  10:14  Observer  
  161  10:18  Probe x2 (Chrono Boost), Observer  
  161  10:19  Probe x2 (Chrono Boost), Nexus, Photon Cannon  
  161  10:20  Archon  
  161  10:21  Assimilator  
  167  10:29  High Templar  
  167  10:32  Immortal  
  169  10:39  Immortal, Zealot x2  
  169  10:40  Zealot x2  
  169  10:41  Zealot  
  113  10:57  Adept  
  113  10:58  Stalker, Adept, Zealot  
  113  10:59  Sentry  
  113  11:00  Stalker  
  117  11:09  Immortal  
  117  11:14  Archon  
  117  11:16  Sentry, Immortal  
  117  11:17  Stalker, High Templar  
  127  11:20  Stalker  
  127  11:21  Zealot  
  131  11:27  High Templar  
  133  11:33  Archon  
  133  11:37  Stalker  
  133  11:39  Stalker, High Templar  
  138  11:40  Assimilator  
  138  11:41  Pylon  
  138  11:42  Probe (Chrono Boost)  
  138  11:44  Assimilator  
  139  11:47  Probe (Chrono Boost), High Templar  
  139  11:50  Stalker, Probe (Chrono Boost)  
  139  11:51  Probe (Chrono Boost)  
  139  11:54  Probe (Chrono Boost)  
  141  11:56  Probe (Chrono Boost), Immortal  
  141  11:58  Stalker, Probe (Chrono Boost)  
  149  12:01  Immortal  
  149  12:04  Zealot  
  155  12:12  Photon Cannon  
  155  12:15  Pylon  
  155  12:16  High Templar  
  155  12:18  Stalker  
  155  12:19  Probe (Chrono Boost)  
  155  12:20  Stalker, Zealot  
  155  12:22  Stalker  
  143  12:23  Adept  
  117  12:32  Immortal  
  117  12:36  Probe (Chrono Boost)  
  107  12:38  Zealot  
  107  12:39  Adept  
  107  12:42  Zealot x2  
  115  12:44  Sentry  
  115  12:45  High Templar  
  115  12:47  Immortal  
  121  12:56  Adept  
  121  12:58  Zealot  
  99  13:01  Sentry, High Templar  
  99  13:05  Zealot  
  89  13:06  Probe (Chrono Boost)  
  89  13:08  Probe x3 (Chrono Boost), Immortal  
  84  13:15  Stalker, High Templar  
  84  13:16  Zealot  
  84  13:18  Probe (Chrono Boost)  
  86  13:20  Probe (Chrono Boost)  
  86  13:23  Adept, Zealot  
  86  13:24  Photon Cannon  
  87  13:31  Stalker, Probe (Chrono Boost)  
  87  13:33  Probe (Chrono Boost)  
  89  13:35  Zealot  
  89  13:36  Sentry  
  89  13:38  Probe (Chrono Boost)  
  85  13:41  Adept  
  85  13:42  Zealot  
  85  13:46  High Templar  
  80  13:48  Probe (Chrono Boost)  
  80  13:51  Probe (Chrono Boost)  
  80  13:52  Probe (Chrono Boost)  
  80  13:53  Sentry, Probe (Chrono Boost)  
  80  13:54  High Templar  
  83  13:58  Adept  
  83  14:00  Probe (Chrono Boost), Zealot  
  83  14:02  Stalker, Probe (Chrono Boost)  
  92  14:03  Probe (Chrono Boost)  
  91  14:10  Probe (Chrono Boost)  
  91  14:12  Probe (Chrono Boost)  
  91  14:15  High Templar  
  91  14:16  Zealot  
  76  14:17  Stalker  
  76  14:19  High Templar  
  70  14:24  Adept  
  70  14:25  Stalker  
  74  14:35  Zealot  
  74  14:36  Probe (Chrono Boost)  
  76  14:39  Stalker  
  76  14:42  Sentry  
  76  14:44  Zealot  
  80  14:46  Stalker  
  80  14:47  Nexus  
  80  14:49  Adept  
  69  14:53  High Templar  
  67  15:01  High Templar  
  67  15:03  Stalker, Zealot  
  55  15:22  High Templar  
  48  15:31  Stalker, Adept, Zealot, High Templar  
  52  15:37  High Templar, Archon  
  47  15:48  Pylon  
  47  15:49  High Templar  
  48  15:53  Pylon  
  48  15:54  High Templar  
  40  16:01  High Templar  
  34  16:09  High Templar  
  30  16:30  High Templar  
Tags
 
Add a new tag
Caveats
  • Supply blocks, unpowered buildings, or Contaminate may cause inaccurate times.
  • Supply counts are checked every 10 seconds.